 Dungeon Crawl Stone Soup version 0.18.1-47-g9310371 (webtiles) character file.

12194 rockintein the Severer (level 11, 0/104 HPs)
             Began as a Minotaur Berserker on June 13, 2016.
             Was a High Priest of Trog.
             Slain by Maud
             ... wielding a +1 broad axe
              (21 damage)
             ... on level 11 of the Dungeon.
             The game lasted 00:19:34 (11219 turns).

rockintein the Severer (Minotaur Berserker)        Turns: 11219, Time: 00:19:35

Health: 0/104      AC: 16    Str: 24    XL:     11   Next: 59%
Magic:  0/10       EV:  8    Int:  7    God:    Trog [*****.]
Gold:   692        SH:  0    Dex: 11    Spells: 0 memorised, 10 levels left

rFire  . . .     SeeInvis .     d - +1 hand axe (flame)
rCold  . . .     Gourm    .     h - +1 plate armour
rNeg   . . .     Faith    .     (no shield)
rPois  .         Spirit   +     (helmet restricted)
rElec  .         Dismiss  .     (no cloak)
rCorr  .         Reflect  .     (no gloves)
SustAt .         Harm     .     (no boots)
MR     ++...                    y - amulet of guardian spirit
Stlth  ..........               (no ring)
                                m - +3 ring of intelligence

@: regenerating, very resistant to hostile enchantments, extremely unstealthy
A: retaliatory headbutt, horns 2, blurry vision 1
a: Berserk, Trog's Hand, Brothers in Arms, Burn Spellbooks, Renounce Religion


You were on level 11 of the Dungeon.
You worshipped Trog.
Trog was extremely pleased with you.
You were not hungry.

You visited 1 branch of the dungeon, and saw 11 of its levels.
You also visited: Bailey.

You collected 692 gold pieces.

Inventory:

Hand Weapons
 d - a +1 hand axe of flaming (weapon)
 z - the +7 scimitar "Yqovotel" {slice, Str+5}
   (You found it in a bailey)

   It inflicts extra damage upon your enemies.
   It affects your strength (+5).
 B - the +7 mace "Kor Est" {venom, *Contam rPois Str+4 Int+3}
   (You found it in a bailey)

   It poisons the flesh of those it strikes.
   It affects your strength (+4).
   It affects your intelligence (+3).
   It protects you from poison.
   It causes magical contamination when unequipped.
Missiles
 f - 21 tomahawks of returning (quivered)
Armour
 h - a +1 plate armour (worn)
 E - a +0 swamp dragon armour
Jewellery
 m - a +3 ring of intelligence (left hand)
 q - a cursed -3 ring of intelligence
 v - an uncursed amulet of the gourmand
 y - an amulet of guardian spirit (around neck)
 I - an uncursed ring of flight {unknown}
Wands
 t - a wand of paralysis (14/24)
 u - a wand of lightning (10/15)
 C - a wand of iceblast (4/15)
 J - a wand of lightning (4/15)
Scrolls
 a - 6 scrolls of teleportation
 e - a scroll of blinking
 p - 2 scrolls of recharging
 r - 5 scrolls of identify
 x - a scroll of enchant weapon
 G - a scroll of magic mapping {unknown}
 H - 2 scrolls of amnesia {unknown}
Potions
 b - 3 potions of magic
 g - a potion of flight
 k - 4 potions of heal wounds
 n - 2 potions of lignification
 o - 6 potions of curing
 s - a potion of brilliance
 w - a potion of haste
 D - a potion of ambrosia
 F - a potion of mutation {unknown}
Books
 A - a book of Beasts

   Spells                             Type                      Level
   a - Summon Butterflies             Summoning                    1
   b - Call Canine Familiar           Summoning                    3
   c - Summon Ice Beast               Ice/Summoning                4
   d - Summon Mana Viper              Hexes/Summoning              5
   e - Summon Hydra                   Summoning                    7
   Trog disapproves of the use of such an item.
Comestibles
 c - 10 bread rations
 i - 2 beef jerkies
 j - 5 meat rations
 l - 2 royal jellies
 L - 8 slices of pizza


   Skills:
 + Level 11.7 Fighting
 * Level 15.8 Axes
 + Level 11.9 Armour
 - Level 2.1 Dodging


You had 10 spell levels left.
You didn't know any spells.

Dungeon Overview and Level Annotations

Branches:
Dungeon (11/15)            Temple (0/1) D:4            Lair (0/8) D:8
    Orc (0/2) D:10

Altars:
Ashenzari
Cheibriados
Dithmenos
Gozag
Kikubaaqudgha
Makhleb
Nemelex Xobeh
Okawaru
Qazlal
Ru
Sif Muna
Yredelemnul
Zin

Shops:
D:7 *

Annotations:
D:11 Maud


Innate Abilities, Weirdness & Mutations

You reflexively headbutt those who attack you in melee.
You have a pair of horns on your head.
Scrolls take you a little longer to read.


Message History

Maud is heavily wounded.
You barely miss Maud.
Maud is heavily wounded.
Maud hits you with an enchanted broad axe!!
You hit Maud but do no damage.
Maud is heavily wounded.
You slash Maud! You burn Maud. Your headbutt misses Maud.
Maud is heavily wounded.
Maud hits you with an enchanted broad axe!
* * * LOW HITPOINT WARNING * * *
You are too injured to fight recklessly!
You are too injured to fight recklessly!
You are too injured to fight recklessly!
You are too injured to fight recklessly!
You are too injured to fight recklessly!
Your skin crawls.
You feel resistant to hostile enchantments.
You feel slightly more hungry.
Maud hits you with an enchanted broad axe!!
You die... .....# +.....'. ##)### ........# #.....#. .....# .......# #.....## ....## .....)# #.....# .(..# .....## ##'#### ....# ....' #..## ....# .ZF

##..# ##'## #@# ##.# ...# #@# #.#
#### #.# ### ####.## #####
########.### #%. #.....# ....#
###..........###^###.###%#
....###..............#...#.#...#
....'...#..........#.#.#.#.#.#.##
....#####..........#.#.#.#.(.#.##
#'### #######.####...#.#####...
#.# #.# ###.#.......##


You could see Maud, a giant frog and a giant frog skeleton.

Vanquished Creatures
  The ghost of Gagarin the Cleaver, a journeyman MiFi of Okawaru (D:11)
  A hydra (D:11)
  Erolcha (D:9)
  The ghost of M4edhros the Covert, a novice OpAr of Dithmenos (D:8)
  4 hill giants
  A komodo dragon (D:8)
  A troll (D:6)
  A spriggan (D:11)
  The ghost of Kilrog the Firebug, an amateur DEFE of Vehumet (D:5)
  7 yaks (D:10)
  A wyvern (D:9)
  3 hippogriffs
  7 orc warriors
  A black bear (D:8)
  An ice beast (D:7)
  3 sky beasts
  8 ogres
  3 phantoms
  2 necrophages
  3 centaurs
  A big kobold (D:8)
  3 giant frogs
  6 scorpions
  A water moccasin skeleton (D:6)
  4 wights (D:9)
  An electric eel (D:8)
  3 vampire bats (D:8)
  4 crimson imps
  2 giant frog zombies
  2 centaur zombies (D:8)
  10 hounds
  3 giant frog skeletons
  A jelly (D:5)
  9 orc priests
  A centaur skeleton (D:8)
  2 iguanas
  6 orc wizards
  7 worker ants
  2 killer bee zombies
  A hound zombie (D:8)
  A hound skeleton (D:7)
  4 gnolls (D:2)
  A howler monkey skeleton (D:4)
  16 adders
  2 shadow imps
  6 worms
  6 dart slugs
  6 giant geckos
  49 orcs
  3 ball pythons
  3 bat skeletons (D:8)
  4 bat zombies (D:8)
  5 giant cockroaches
  7 goblins
  10 hobgoblins
  8 jackals (D:1)
  5 quokkas
  6 bats
  A giant cockroach zombie (D:5)
  A giant gecko skeleton (D:4)
  4 giant newts
  2 gnoll zombies (D:6)
  A jackal skeleton (D:7)
  10 kobolds
  9 rats
  A plant (D:8)
291 creatures vanquished.

Vanquished Creatures (others)
  A plant (D:8)
1 creature vanquished.

Grand Total: 292 creatures vanquished

Notes
Turn   | Place    | Note
--------------------------------------------------------------
     0 | D:1      | rockintein the Minotaur Berserker began the quest for the Orb.
     0 | D:1      | Reached XP level 1. HP: 19/19 MP: 0/0
   247 | D:1      | Reached XP level 2. HP: 26/27 MP: 1/1
   264 | D:1      | Reached skill level 4 in Axes
   284 | D:1      | Reached ** piety under Trog
   422 | D:1      | Reached XP level 3. HP: 31/33 MP: 2/2
  1215 | D:2      | Reached XP level 4. HP: 33/40 MP: 3/3
  1352 | D:2      | Reached skill level 5 in Axes
  1353 | D:2      | Found a shadowy altar of Dithmenos.
  1756 | D:3      | Reached XP level 5. HP: 45/47 MP: 4/4
  1809 | D:3      | Reached *** piety under Trog
  1850 | D:3      | Found an opulent altar of Gozag.
  1973 | D:3      | Found a snail-covered altar of Cheibriados.
  2215 | D:3      | Found a sacrificial altar of Ru.
  2464 | D:3      | Reached skill level 11 in Axes
  2464 | D:3      | Reached XP level 6. HP: 62/62 MP: 5/5
  2620 | D:4      | Found a sparkling altar of Nemelex Xobeh.
  2665 | D:4      | Found a staircase to the Ecumenical Temple.
  2925 | D:4      | Reached XP level 7. HP: 68/69 MP: 6/6
  3743 | D:5      | Entered Level 5 of the Dungeon
  3833 | D:5      | Noticed Kilrog's ghost (amateur DEFE)
  3840 | D:5      | Killed Kilrog's ghost
  3889 | D:5      | Reached skill level 12 in Axes
  3901 | D:5      | Reached XP level 8. HP: 71/78 MP: 7/7
  3980 | D:5      | Reached **** piety under Trog
  4003 | D:5      | Found a glowing silver altar of Zin.
  4003 | D:5      | Noticed an angel
  4004 | D:5      | Found a burning altar of Makhleb.
  4004 | D:5      | Noticed a cacodemon
  4085 | D:5      | Found a shattered altar of Ashenzari.
  4434 | D:5      | Found a stormy altar of Qazlal.
  4580 | D:6      | Noticed a troll
  4586 | D:6      | Killed a troll
  4713 | D:6      | Found a stormy altar of Qazlal.
  4713 | D:6      | Found an iron altar of Okawaru.
  5032 | D:6      | Reached XP level 9. HP: 76/84 MP: 8/8
  5492 | D:6      | Found a basalt altar of Yredelemnul.
  5737 | D:7      | Found Putyupau's General Store.
  5947 | D:7      | Reached ***** piety under Trog
  6341 | D:8      | Reached skill level 13 in Axes
  6390 | D:8      | Found an ancient bone altar of Kikubaaqudgha.
  6575 | D:8      | Reached skill level 10 in Armour
  6641 | D:8      | Found a staircase to the Lair.
  6642 | D:8      | Noticed a komodo dragon
  6665 | D:8      | Killed a komodo dragon
  7259 | D:8      | Reached skill level 10 in Fighting
  7288 | D:8      | Noticed M4edhros's ghost (novice OpAr)
  7301 | D:8      | Killed M4edhros's ghost
  7301 | D:8      | Reached XP level 10. HP: 69/93 MP: 9/9
  7805 | D:8      | Reached skill level 14 in Axes
  8223 | D:9      | Found a flagged portal.
  8232 | Bailey   | Entered a bailey
  8381 | Bailey   | Got a transparent scimitar
  8386 | Bailey   | Got a smoking mace
  8421 | Bailey   | Found an iron altar of Okawaru.
  8763 | D:9      | Noticed Erolcha
  8773 | D:9      | Killed Erolcha
  8934 | D:9      | Found a deep blue altar of Sif Muna.
  9174 | D:10     | Entered Level 10 of the Dungeon
  9401 | D:10     | Received a gift from Trog
  9520 | D:10     | Identified the +7 scimitar "Yqovotel" {slice, Str+5} (You found it in a bailey)
  9521 | D:10     | Identified the +7 mace "Kor Est" {venom, *Contam rPois Str+4 Int+3} (You found it in a bailey)
  9533 | D:10     | Found a staircase to the Orcish Mines.
  9653 | D:10     | Reached XP level 11. HP: 63/101 MP: 6/10
  9845 | D:10     | Noticed a hill giant
  9850 | D:10     | Killed a hill giant
  9918 | D:10     | Noticed a hill giant
  9923 | D:10     | Killed a hill giant
  9923 | D:10     | Reached skill level 15 in Axes
 10233 | D:11     | Noticed a hill giant
 10241 | D:11     | Killed a hill giant
 10248 | D:11     | Gained mutation: Scrolls take you a little longer to read. [mutagenic glow]
 10317 | D:11     | Noticed a six-headed hydra
 10324 | D:11     | Killed a one-headed hydra
 10434 | D:11     | Noticed Gagarin's ghost (journeyman MiFi)
 10463 | D:11     | Killed Gagarin's ghost
 10923 | D:11     | Noticed a hill giant
 10936 | D:11     | Killed a hill giant
 11194 | D:11     | Noticed Maud
 11219 | D:11     | Slain by Maud

Skill      XL: |  1  2  3  4  5  6  7  8  9 10 11 |
---------------+----------------------------------+-----
Axes           | 4 5 11 12 13 14 15 | 15.8
Fighting       | 4 8 9 10 11 | 11.7
Armour         | 3 4 8 9 10 11 | 11.9
Dodging        | |  2.1

Action                   |  1- 3 |  4- 6 |  7- 9 | 10-12 || total
-------------------------+-------+-------+-------+-------++-------
Melee: Hand axe          |    95 |   125 |   333 |   268 ||   821
       Headbutt          |    11 |    24 |    75 |    84 ||   194
       Mace              |       |       |       |    54 ||    54
Invok: Berserk           |       |     1 |     3 |     2 ||     6
       Trog's Hand       |       |       |     2 |     2 ||     4
  Use: Potion            |       |     8 |     1 |       ||     9
       Scroll            |       |     5 |     3 |     6 ||    14
 Stab: Invisible         |       |     1 |       |       ||     1
  Eat: Chunk             |     1 |     7 |    17 |    26 ||    51
       Pizza             |       |       |       |     2 ||     2
Armor: Plate armour      |    60 |    71 |   171 |   171 ||   473
       Animal skin       |     1 |       |       |       ||     1
Dodge: Dodged            |    45 |    38 |    84 |   118 ||   285
